 Dungeon Crawl Stone Soup version 0.20.1-1-g8b1a95d (webtiles) character file.

44 Golfball the Skirmisher (level 3, -1/24 HPs)
             Began as a Gargoyle Fighter on Sept 27, 2017.
             Was an Initiate of Dithmenos.
             Killed by nerve-wracking pain
             ... invoked by Grinder
              (2 damage)
             ... while paralysed by Grinder
             ... on level 3 of the Dungeon.
             The game lasted 00:05:28 (1638 turns).

Golfball the Skirmisher (Gargoyle Fighter)          Turns: 1638, Time: 00:05:28

Health: -1/24      AC: 12    Str: 20    XL:     3   Next: 62%
Magic:  3/3        EV:  2    Int:  8    God:    Dithmenos [......]
Gold:   156        SH:  0    Dex:  9    Spells: 2/2 levels left

rFire    . . .     SeeInvis .   a - +0 flail
rCold    . . .     Gourm    .   c - +0 shield
rNeg     + . .     Faith    +   b - +0 scale mail
rPois    ∞         Spirit   .   (no helmet)
rElec    +         Reflect  .   (no cloak)
rCorr    .         Harm     .   m - +1 pair of gloves
MR       .....                  (no boots)
Stlth    ..........             e - amulet of faith
Regen    0.1/turn               (no ring)
MPRegen  0.1/turn               (no ring)

@: paralysed
A: negative energy resistance 1, electricity resistance, unbreathing,
petrification resistance, rot immunity, AC +3
a: Renounce Religion


You were on level 3 of the Dungeon.
You worshipped Dithmenos.
Dithmenos was noncommittal.
You were hungry.

You visited 1 branch of the dungeon, and saw 3 of its levels.

You collected 156 gold pieces.

Inventory:

Hand Weapons
 a - a +0 flail (weapon)
Armour
 b - a +0 scale mail (worn)
 c - a +0 shield (worn)
 m - a +1 pair of gloves (worn)
Jewellery
 e - an amulet of faith (around neck)
Scrolls
 j - 2 scrolls of enchant armour
Potions
 d - a potion of might
 g - a potion of ambrosia
 i - a potion of heal wounds
 k - a potion of degeneration {unknown}
Comestibles
 f - 4 bread rations
 h - a royal jelly
 n - 4 fruits
 o - a meat ration


   Skills:
 + Level 4.1 Fighting
 + Level 3.1 Maces & Flails
 - Level 3.2 Armour
 - Level 3.2 Shields


You had 2 spell levels left.
You didn't know any spells.

Dungeon Overview and Level Annotations

Branches:
Dungeon (3/15)

Altars:
Dithmenos
Uskayaw

Annotations:
D:3 Grinder


Innate Abilities, Weirdness & Mutations

You are resistant to torment.
Your stone body is resilient. (AC +3)
You are immune to poison.
You resist negative energy. (rN+)
You are resistant to electric shocks. (rElec)
You can survive without breathing.
You are immune to petrification.
You are immune to rotting.


Message History

Grinder is lightly wounded.
Grinder hits you but does no damage. You block Grinder's attack.
You closely miss Grinder.
Grinder is lightly wounded.
Grinder gestures at you.
You suddenly lose the ability to move!
Grinder gestures at you.
You shrug off the repeated paralysis!
Grinder gestures at you. Pain shoots through your body!
Grinder gestures at you. Pain shoots through your body!
Grinder hits you but does no damage. Grinder hits you.
* * * LOW HITPOINT WARNING * * *
You writhe in agony.
* * * LOW HITPOINT WARNING * * *
Grinder gestures at you. Pain shoots through your body!
You die...

...# #...
#..# #
#####..
#.#..#...
#......##
#......##
#.@..####
##5.....#
#...##.#
#..##
##.##
#.##
#.##.####
#...<...#
#.#####.#


You could see Grinder.

Vanquished Creatures
  An adder (D:2)
  A worm (D:2)
  A ball python (D:2)
  5 bats
  A giant cockroach (D:1)
  2 goblins
  6 hobgoblins
  4 jackals (D:1)
  2 quokkas (D:2)
  A frilled lizard (D:1)
  3 kobolds (D:2)
  2 rats (D:1)
29 creatures vanquished.

Notes
Turn   | Place    | Note
-------+----------+-------------------------------------------
     0 | D:1      | Golfball the Gargoyle Fighter began the quest for the Orb.
     0 | D:1      | Reached XP level 1. HP: 14/14 MP: 1/1
   138 | D:1      | Reached XP level 2. HP: 18/19 MP: 2/2
   757 | D:2      | Found a shadowy altar of Dithmenos.
   790 | D:2      | Became a worshipper of Dithmenos the Shadowed
   841 | D:2      | Reached XP level 3. HP: 24/24 MP: 3/3
   882 | D:2      | Noticed a hand axe
   883 | D:2      | Found a hide-covered altar of Uskayaw.
   883 | D:2      | Noticed a dagger
   931 | D:2      | Reached skill level 4 in Fighting
  1620 | D:3      | Noticed Grinder
  1632 | D:3      | Paralysed by Grinder for 7 turns
  1637 | D:3      | HP: 1/24 [Grinder (2)]
  1638 | D:3      | Killed from afar by Grinder

Skill      XL: |  1  2  3 |
---------------+----------+-----
Fighting       | 4 |  4.1
Maces & Flails | 3 |  3.1
Armour         | |  3.2
Shields        | |  3.2

Action                   || total
-------------------------++-------
Melee: Flail             ||   146
  Use: Scroll            ||     4
  Eat: Chunk             ||     2
Armor: Scale mail        ||    69
Dodge: Dodged            ||    43
Block: Shield            ||    85
